 Dungeon Crawl Stone Soup version 0.24-a0-275-g6f7e2cb (webtiles) character file.

Game seed: 3455345972269687364

439 tilp the Skirmisher (level 6, 0/52 HPs)
             Began as a Demonspawn Chaos Knight on Apr 28, 2019.
             Was a Plaything of Xom.
             Slain by a gnoll
             ... wielding a +0 halberd
              (12 damage)
             ... on level 4 of the Dungeon.
             The game lasted 00:07:52 (3467 turns).

tilp the Skirmisher (Demonspawn Chaos Knight)       Turns: 3467, Time: 00:07:53

Health: 0/52       AC:  7    Str: 14    XL:     6   Next: 70%
Magic:  6/6        EV: 11    Int: 14    God:    Xom [..*...]
Gold:   235        SH:  0    Dex: 12    Spells: 5/5 levels left

rFire    . . .     SeeInvis .   a - +0 hand axe (chaos)
rCold    + . .     Gourm    .   (no shield)
rNeg     . . .     Faith    .   b - +2 leather armour
rPois    .         Spirit   .   (no helmet)
rElec    +         Reflect  .   (no cloak)
rCorr    .         Harm     .   (no gloves)
MR       .....                  (no boots)
Stlth    +.........             (no amulet)
HPRegen  0.17/turn              (no ring)
MPRegen  0.10/turn              (no ring)

@: no status effects
A: hooves 2, yellow scales 1, cold resistance 1, electricity resistance
a: Renounce Religion


You were on level 4 of the Dungeon.
You worshipped Xom.
You were a toy of Xom.
You were very hungry.

You visited 1 branch of the dungeon, and saw 4 of its levels.

You collected 235 gold pieces.

Inventory:

Hand Weapons
 a - a +0 hand axe of chaos (weapon)
 e - a +0 war axe
Missiles
 d - 145 stones
 m - 2 throwing nets
 o - 11 tomahawks (quivered)
Armour
 b - a +2 leather armour (worn)
Jewellery
 j - a cursed -2 ring of strength {unknown}
Scrolls
 f - a scroll of immolation {unknown}
 g - 3 scrolls of teleportation {unknown}
 h - 2 scrolls of noise {unknown}
 l - a scroll of enchant weapon {unknown}
 p - 3 scrolls of remove curse {unknown}
 q - a scroll of random uselessness {unknown}
Potions
 i - 5 potions of curing
 k - 2 potions of magic
 n - 2 potions of heal wounds {unknown}
 r - a potion of resistance {unknown}
Comestibles
 c - 5 rations


   Skills:
 + Level 5.8 Fighting
 + Level 5.2 Axes
 - Level 1.7 Armour
 - Level 0.8 Dodging


You had 5 spell levels left.
You didn't know any spells.
Your spell library was empty.

Dungeon Overview and Level Annotations

Branches:
Dungeon (4/15)
 Temple: D:4-7

Altars:


Innate Abilities, Weirdness & Mutations

You have hoof-like feet.
You are partially covered in yellow scales. (AC +2)
Your flesh is cold resistant. (rC+)
You are resistant to electric shocks. (rElec)


Message History

You kill the gnoll shaman!
The gnoll misses you.
The gnoll hits you from afar with a +0 halberd.
The gnoll barely misses you.
You barely miss the gnoll. The gnoll hits you with a +0 whip.
The gnoll barely misses you.
The gnoll hits you from afar with a +0 spear.
You closely miss the gnoll. The gnoll barely misses you.
The gnoll hits you from afar with a +0 spear.
The gnoll closely misses you.
You barely miss the gnoll. The gnoll barely misses you.
The gnoll hits you from afar with a +0 spear.
* * * LOW HITPOINT WARNING * * *
You slash the gnoll! You kick the gnoll.
You kill the gnoll!
The gnoll hits you but does no damage. The gnoll hits you with a +0 spear.
* * * LOW HITPOINT WARNING * * *
The gnoll hits you from afar with a +0 halberd!
You die...

#..# ## #.#####.
#..##..#
###...g..#
#.#####....#...#
##.......###...#
#.#####.## ##..#
####.## #.# #..#
###.@gg.####.#
#...
#..###.......#
#... ####
#.###....# #..#
#..# ##.......
#..# ..####...
###. ..## #.g
##.# . #. ##


You could see 2 gnolls.

Vanquished Creatures
  A phantom (D:4)
  A scorpion (D:4)
  A hound (D:3)
  An orc priest (D:3)
  A gnoll shaman (D:4)
  A worker ant (D:4)
  7 gnolls
  4 adders (D:3)
  2 oozes (D:1)
  A worm (D:2)
  2 leopard geckos
  14 orcs
  2 giant cockroaches
  6 hobgoblins
  6 jackals
  3 kobolds
  3 quokkas
  A ball python (D:3)
  4 bats
  3 frilled lizards
  3 goblins
  8 rats
75 creatures vanquished.

Notes
Turn   | Place    | Note
-------+----------+-------------------------------------------
     0 | D:1      | tilp the Demonspawn Chaos Knight began the quest for the
                  | Orb.
     0 | D:1      | Reached XP level 1. HP: 18/18 MP: 1/1
   186 | D:1      | Gained mutation: Your flesh is cold resistant. (rC+)
                  | [demonic ancestry]
   186 | D:1      | Reached XP level 2. HP: 17/24 MP: 2/2
   480 | D:1      | XOM: harmless Summ miscast
   746 | D:2      | XOM: harmless Necr miscast
  1079 | D:2      | XOM: noise
  1082 | D:2      | Gained mutation: You are partially covered in yellow
                  | scales. (AC +2) [demonic ancestry]
  1082 | D:2      | Reached XP level 3. HP: 29/29 MP: 3/3
  1378 | D:2      | Reached XP level 4. HP: 32/37 MP: 4/4
  1505 | D:2      | XOM: harmless Tmut miscast
  1670 | D:3      | XOM: enchant monster (good)
  1943 | D:3      | Gained mutation: You have large cloven feet. [demonic
                  | ancestry]
  1943 | D:3      | Reached XP level 5. HP: 43/43 MP: 5/5
  2137 | D:3      | XOM: give mutations
  2137 | D:3      | Gained mutation: You evolve. [Xom's grace]
  2137 | D:3      | Gained mutation: You have hoof-like feet. [Xom's grace]
  2137 | D:3      | Gained mutation: Your flesh is heat resistant. (rF+) [Xom's
                  | grace]
  2137 | D:3      | Gained mutation: You are resistant to electric shocks.
                  | (rElec) [Xom's grace]
  2522 | D:4      | Noticed a phantom
  2555 | D:4      | Killed a phantom
  2555 | D:4      | Reached skill level 5 in Fighting
  2555 | D:4      | Reached XP level 6. HP: 15/51 MP: 6/6
  2759 | D:4      | XOM: mild Ice miscast
  2973 | D:4      | XOM: potion effect (heal wounds)
  2981 | D:4      | Reached skill level 5 in Axes
  2993 | D:4      | XOM: summons friendly quasit
  2997 | D:4      | XOM: summons friendly crimson imp
  3405 | D:4      | Lost mutation: Your flesh is heat resistant. (rF+)
                  | [evolution]
  3405 | D:4      | Lost mutation: You evolve. [end of evolution]
  3467 | D:4      | Slain by a gnoll

Levels and vault maps discovered:
D:1:      dpeg_arrival_shrine, layout_basic, serial_aquarium,
          aquarium_bridge_long_separate [aquarium_subvault_wall,
          aquarium_subvault_wall, aquarium_subvault_bridge,
          aquarium_subvault_window, aquarium_subvault_bridge,
          aquarium_subvault_window], aquarium_window_double,
          aquarium_window_corridor_1, aquarium_window_2, aquarium_view_2d,
          aquarium_view_2g
D:2:      layout_rooms
D:3:      layout_loops_cross, first_ration, chequers_serial_rivers_micro_c
D:4:      layout_layer_cave, okawaru_metal_pillars_1_2, lemuel_round_altar

Skill      XL: |  1  2  3  4  5  6 |
---------------+-------------------+-----
Axes           | 3 4 5 |  5.2
Fighting       | 4 5 |  5.8
Armour         | |  1.7
Dodging        | |  0.8

Action                   |  1- 3 |  4- 6 || total
-------------------------+-------+-------++-------
Melee: Hand axe          |    81 |   182 ||   263
       Kick              |       |    21 ||    21
  Use: Scroll            |       |     2 ||     2
       Potion            |       |     1 ||     1
 Stab: Sleeping          |     3 |       ||     3
       Paralysed         |     1 |     4 ||     5
  Eat: Chunk             |     1 |     6 ||     7
Armor: Leather armour    |    21 |    69 ||    90
Dodge: Dodged            |    40 |   124 ||   164

Table legend:
 A = Non-vault XP
 B = Vault XP
 C = Vault XP percentage of total XP
 D = Non-vault monster count
 E = Vault monster count
 F = Vault count percentage of total count
                 A         B        C        D         E       F
            +---------+---------+-------+---------+---------+-------
      Total |     628 |       0 |   0.0 |      75 |       0 |   0.0
            +---------+---------+-------+---------+---------+-------
        D:1 |      24 |       0 |   0.0 |       8 |       0 |   0.0
        D:2 |      92 |       0 |   0.0 |      23 |       0 |   0.0
        D:3 |     193 |       0 |   0.0 |      32 |       0 |   0.0
        D:4 |     319 |       0 |   0.0 |      12 |       0 |   0.0
            +---------+---------+-------+---------+---------+-------
